 Dungeon Crawl Stone Soup version 0.19-a0-659-g8260ecf (webtiles) character file.

1992 Ijustatesigmund the Cleaver (level 9, -5/82 HPs)
             Began as a Hill Orc Fighter on June 15, 2016.
             Slain by a komodo dragon (27 damage)
             ... on level 8 of the Dungeon.
             The game lasted 00:12:37 (5182 turns).

Ijustatesigmund the Cleaver (Hill Orc Fighter)      Turns: 5182, Time: 00:12:38

Health: -5/82      AC: 14    Str: 19    XL:     9   Next: 21%
Magic:  9/9        EV:  6    Int:  8    God:
Gold:   371        SH: 16    Dex: 17    Spells: 0 memorised, 8 levels left

rFire  . . .     SeeInvis .     a - +0 war axe
rCold  + . .     Gourm    .     q - +0 chain mail
rNeg   . . .     Faith    .     c - +0 shield
rPois  .         Spirit   .     H - +0 helmet
rElec  .         Dismiss  .     (no cloak)
rCorr  .         Reflect  +     t - +0 pair of gloves
SustAt .         Harm     .     x - +0 pair of boots
MR     .....                    m - +5 amulet of reflection
Stlth  ..........               l - ring of protection from cold
                                i - +4 ring of dexterity

@: not resistant to hostile enchantments, extremely unstealthy
A: no striking features
a: no special abilities


You were on level 8 of the Dungeon.
You were not hungry.

You visited 2 branches of the dungeon, and saw 9 of its levels.

You collected 371 gold pieces.

Inventory:

Hand Weapons
 a - a +0 war axe (weapon)
Armour
 c - a +0 shield (worn)
 k - a fire dragon hide
 q - a +0 chain mail (worn)
 t - a +0 pair of gloves (worn)
 x - a +0 pair of boots (worn)
 H - a +0 helmet (worn)
Jewellery
 i - a +4 ring of dexterity (left hand)
 l - a ring of protection from cold (right hand)
 m - a +5 amulet of reflection (around neck)
 D - an uncursed ring of fire
Wands
 u - a wand of slowing (28/48)
 A - a wand of digging (17/24)
Scrolls
 b - 2 scrolls of magic mapping
 e - 5 scrolls of teleportation
 n - 4 scrolls of remove curse
 y - a scroll of identify
 z - 3 scrolls of fear
 E - a scroll of brand weapon {unknown}
 F - a scroll of recharging
Potions
 d - 5 potions of might
 h - 5 potions of curing
 j - 2 potions of resistance
 r - a potion of invisibility
 s - 2 potions of heal wounds
 v - a potion of agility
 w - a potion of berserk rage
 B - a potion of cure mutation
Books
 g - a book of Summonings

   Spells                             Type                      Level
   a - Recall                         Summoning/Translocation      3
   b - Aura of Abjuration             Summoning                    5
   c - Summon Demon                   Summoning                    5
   d - Summon Forest                  Summoning/Translocation      5
   e - Summon Mana Viper              Hexes/Summoning              5
   f - Shadow Creatures               Summoning                    6
 C - a book of the Warp

   Spells                             Type                      Level
   a - Recall                         Summoning/Translocation      3
   b - Gell's Gravitas                Hexes/Translocation          3
   c - Force Lance                    Conjuration/Translocation    4
   d - Warp Weapon                    Charms/Translocation         5
   e - Summon Forest                  Summoning/Translocation      5
 G - a Grand Grimoire

   Spells                             Type                      Level
   a - Monstrous Menagerie            Summoning                    7
   b - Summon Greater Demon           Summoning                    7
   c - Malign Gateway                 Summoning/Translocation      7
   d - Summon Horrible Things         Summoning                    8
Comestibles
 f - 7 bread rations
 o - a royal jelly
 p - 3 meat rations


   Skills:
 + Level 8.3 Fighting
 + Level 9.0 Axes
 + Level 6.6 Armour
 + Level 6.7 Shields


You had 8 spell levels left.
You didn't know any spells.

Dungeon Overview and Level Annotations

Branches:
Dungeon (8/15)             Temple (1/1) D:7            Lair (0/6) D:8

Altars:
Ashenzari
Cheibriados
Dithmenos
Elyvilon
Gozag
Hepliaklqana
Kikubaaqudgha
Makhleb
Pakellas
Qazlal
Ru
Sif Muna
Trog
Xom
Yredelemnul
Zin
The Shining One


Message History

You barely miss the komodo dragon.
The komodo dragon is severely wounded.
The komodo dragon bites you! x2
* * * LOW HITPOINT WARNING * * *
You hit the komodo dragon but do no damage.
The komodo dragon is severely wounded.
You block the komodo dragon's attack.
You hit the komodo dragon but do no damage.
The komodo dragon is severely wounded.
You block the komodo dragon's attack.
You slash the komodo dragon!
The komodo dragon is almost dead.
You block the komodo dragon's attack.
You hit the komodo dragon but do no damage.
The komodo dragon is almost dead.
You block the komodo dragon's attack.
You barely miss the komodo dragon.
The komodo dragon is almost dead.
The komodo dragon bites you!!
You die...

############ #$..##.....#
#...##.....# ###...##.....#
###### #......#.....###.....
#####.##.................
........@l............._.
......##.###...###...####
..... #.##....P##...#.A. #
.......###.....PP#(..#... ##.
.......###...PPPP##..#... ...#
##.....###....PPPP##..####
...#
#.............PPPP##...._.
#..##............PPPPP###.....
#...#........#..PPl.PP#.......


You could see a komodo dragon.

Vanquished Creatures
  A troll (D:8)
  2 black bears (D:7)
  An ogre (D:4)
  A phantom (D:5)
  2 sky beasts
  An eye of draining (D:8)
  3 centaurs (D:8)
  A big kobold (D:8)
  4 scorpions
  A centaur zombie (D:7)
  A hound (D:6)
  A jelly (D:7)
  5 orc wizards
  Crazy Yiuf (D:5)
  An orc priest (D:8)
  2 centaur skeletons (D:4)
  An iguana (D:7)
  3 worker ants
  A hound skeleton (D:6)
  4 gnolls (D:6)
  A howler monkey skeleton (D:7)
  4 adders
  An ooze (D:5)
  4 worms
  A dart slug (D:4)
  4 giant geckos
  5 orcs
  2 ball pythons (D:3)
  10 bats
  2 giant cockroaches
  5 goblins
  A hobgoblin (D:1)
  11 jackals
  11 kobolds
  8 quokkas
  6 giant newts
  6 rats
119 creatures vanquished.

Vanquished Creatures (others)
  A scorpion (D:8)
  A plant (D:8)
2 creatures vanquished.

Grand Total: 121 creatures vanquished

Notes
Turn   | Place    | Note
--------------------------------------------------------------
     0 | D:1      | Ijustatesigmund the Hill Orc Fighter began the quest for the Orb.
     0 | D:1      | Reached XP level 1. HP: 19/19 MP: 1/1
   100 | D:1      | Reached skill level 3 in Axes
   148 | D:1      | Reached XP level 2. HP: 15/27 MP: 2/2
   554 | D:2      | Reached XP level 3. HP: 24/33 MP: 3/3
   645 | D:2      | Reached skill level 4 in Axes
   854 | D:2      | Found a sacrificial altar of Ru.
   873 | D:2      | Reached XP level 4. HP: 36/41 MP: 4/4
  1106 | D:3      | Reached skill level 5 in Fighting
  1204 | D:3      | Reached skill level 5 in Axes
  1336 | D:3      | Reached XP level 5. HP: 30/48 MP: 5/5
  1827 | D:4      | Found a stormy altar of Qazlal.
  1977 | D:4      | Found an oddly glowing altar of Pakellas.
  2054 | D:4      | Noticed an ogre
  2063 | D:4      | Killed an ogre
  2063 | D:4      | Reached skill level 6 in Axes
  2063 | D:4      | Reached XP level 6. HP: 26/57 MP: 6/6
  2278 | D:4      | Noticed a sky beast
  2297 | D:4      | Killed a sky beast
  2297 | D:4      | Reached XP level 7. HP: 51/63 MP: 7/7
  2416 | D:5      | Entered Level 5 of the Dungeon
  2609 | D:5      | Noticed Crazy Yiuf
  2618 | D:5      | Killed Crazy Yiuf
  2889 | D:5      | You fall through a shaft!
  3041 | D:5      | Reached skill level 7 in Axes
  3143 | D:6      | Reached skill level 5 in Shields
  3289 | D:6      | Reached XP level 8. HP: 67/71 MP: 8/8
  3788 | D:7      | Found a burning altar of Makhleb.
  3803 | D:7      | Reached skill level 5 in Armour
  4086 | D:7      | Found a staircase to the Ecumenical Temple.
  4136 | Temple   | Entered the Ecumenical Temple
  4596 | D:8      | Reached skill level 8 in Axes
  4636 | D:8      | Found a shimmering altar of Xom.
  4639 | D:8      | Noticed an angel
  4675 | D:8      | Found a glowing silver altar of Zin.
  4678 | D:8      | Noticed a troll
  4698 | D:8      | Killed a troll
  4698 | D:8      | Reached XP level 9. HP: 33/81 MP: 9/9
  4948 | D:8      | Reached skill level 9 in Axes
  5136 | D:8      | Found a staircase to the Lair.
  5137 | D:8      | Noticed a komodo dragon
  5182 | D:8      | Slain by a komodo dragon

Vault maps used:
D:1:      wheals_arrival_linesprint
D:2:      nicolae_ru_great_annihilating_truth, minivault_25
D:3:      first_bread
D:4:      grunt_pakellas_basics, grunt_qazlal_sundering
D:5:      kennysheep_generic_room_14, uniq_crazy_yiuf_cottage
D:7:      black_bear_nest_1, bloody_makhleb, minmay_temple_entry_glassed_door
D:8:      grunt_temple_overflow_order_and_chaos_1, minitemple,
          david_lair_shrubbed
Temple:   eino_narrow_crystal_temple_b_12

Skill      XL: |  1  2  3  4  5  6  7  8  9 |
---------------+----------------------------+-----
Axes           | 3 4 5 6 7 8 9 |  9.0
Fighting       | 4 5 6 8 |  8.3
Armour         | 4 6 |  6.6
Shields        | 4 5 6 |  6.7

Action                   |  1- 3 |  4- 6 |  7- 9 || total
-------------------------+-------+-------+-------++-------
Melee: War axe           |   100 |   152 |   267 ||   519
  Use: Scroll            |     8 |     5 |     5 ||    18
       Potion            |       |     1 |     1 ||     2
 Stab: Paralysed         |       |     1 |       ||     1
  Eat: Chunk             |       |     3 |     3 ||     6
       Royal jelly       |       |     1 |     1 ||     2
       Pizza             |       |     1 |       ||     1
       Fruit             |       |       |     5 ||     5
Armor: Scale mail        |    26 |    44 |       ||    70
       Leather armour    |    15 |       |       ||    15
       Chain mail        |       |    11 |   105 ||   116
Dodge: Dodged            |    34 |    26 |    55 ||   115
Block: Shield            |    84 |   102 |   216 ||   402
       Reflection        |     3 |     3 |    14 ||    20
